 Dungeon Crawl Stone Soup version 0.31-a0-303-gdc8c9485ea (webtiles) character file.

Game seed: 13938544084418070933

16905 pokeman the Eclecticist (level 12, -2/68 HPs)
             Began as a Deep Elf Hedge Wizard on July 16, 2023.
             Was a Follower of Vehumet.
             Slain by a shadow (22 damage)
             ... on level 12 of the Dungeon.
             The game lasted 00:34:48 (13562 turns).

pokeman the Eclecticist (Deep Elf Hedge Wizard)    Turns: 13562, Time: 00:34:49

Health: -2/68      AC:  8    Str:  7    XL:     12   Next: 14%
Magic:  30/34      EV: 13    Int: 25    God:    Vehumet [*.....]
Gold:   518        SH:  0    Dex: 20    Spells: 30/43 levels left

rFire   . . .        C - +1 war axe (venom)
rCold   . . .        (no shield)
rNeg    . . .        x - +2 leather armour {Will+}
rPois   .            l - +0 helmet
rElec   .            n - +0 cloak {Will+}
rCorr   .            (no gloves)
SInv    .            (no boots)
Will    +++..        (no amulet)
Stlth   ++           q - +6 ring of dexterity
HPRegen 0.31/turn    G - ring of wizardry
MPRegen 0.24/turn

%: wizardry (x1)
@: no status effects
A: no striking features
a: Renounce Religion


You were on level 12 of the Dungeon.
You worshipped Vehumet.
Vehumet was aware of your devotion.
You visited 2 branches of the dungeon, and saw 13 of its levels.

You collected 546 gold pieces.
You spent 28 gold pieces at shops.

Inventory:

Hand Weapons
 m - a +3 quarterstaff of chaos
 C - a +1 war axe of venom (weapon)
Missiles
 H - a curare-tipped dart
Armour
 l - a +0 helmet (worn)
 n - a +0 cloak of willpower (worn)
 x - a +2 leather armour of willpower (worn)
 Q - a +2 robe of cold resistance
Magical Staves
 A - a staff of death
 R - a staff of cold
Jewellery
 f - a +4 ring of protection
 q - a +6 ring of dexterity (left hand)
 D - a ring of wizardry
 G - a ring of wizardry (right hand)
 L - a +4 ring of protection
 N - a ring of protection from fire
Wands
 b - a wand of flame (14)
 P - a wand of iceblast (6)
Scrolls
 a - a scroll of enchant armour
 c - 5 scrolls of teleportation
 e - a scroll of torment
 p - a scroll of fog
 t - 2 scrolls of enchant weapon
 v - a scroll of butterflies
 w - 3 scrolls of noise
 I - 2 scrolls of silence {unknown}
 O - a scroll of immolation {unknown}
 S - 2 scrolls of vulnerability {unknown}
Potions
 d - 2 potions of magic
 g - a potion of berserk rage
 h - a potion of cancellation
 i - 3 potions of curing
 j - a potion of might {unknown}
 o - 2 potions of degeneration {unknown}
 r - 3 potions of enlightenment {unknown}
 s - a potion of attraction {unknown}
 u - 2 potions of ambrosia {unknown}
 B - 3 potions of mutation {unknown}
 E - a potion of haste {unknown}
 F - a potion of resistance {unknown}
 T - a potion of heal wounds {unknown}
Miscellaneous
 J - a condenser vane
 M - a phial of floods


   Skills:
 + Level 4.8 Fighting
 - Level 5.1 Armour
 - Level 3.0 Dodging
 - Level 3.0 Stealth
 * Level 16.3 Spellcasting
 + Level 10.6 Conjurations
 - Level 1.1 Summonings
 - Level 1.0 Necromancy
 - Level 1.1 Translocations
 + Level 9.2 Ice Magic
 - Level 1.0 Air Magic
 - Level 1.1 Poison Magic
 - Level 1.1 Evocations


You had 30 spell levels left.
You knew the following spells:

 Your Spells              Type           Power      Damage    Failure   Level
a - Magic Dart            Conj           100%       1d8       1%          1
b - Mephitic Cloud        Conj/Pois/Air  41%        N/A       1%          3
c - Call Imp              Summ           52%        N/A       1%          2
d - Blink                 Tloc           52%        N/A       1%          2
e - Freezing Cloud        Conj/Ice/Air   26%        6-21      2%          5

Your spell library contained the following spells:

 Spells                   Type           Power      Damage    Failure   Level
 Kiss of Death            Conj/Necr      100%       2d13      1%          1
 Slow                     Hex            80%        N/A       1%          1
 Sting                    Tmut/Pois      92%        1d7       1%          1
 Cigotuvi's Dreadful Rot  Necr/Pois/Air  50%        N/A       1%          2
 Lesser Beckoning         Tloc           52%        N/A       1%          2
 Momentum Strike          Conj/Tloc      98%        3d10      1%          2
 Poisonous Vapours        Pois/Air       52%        N/A       1%          2
 Searing Ray              Conj           100%       2d8       1%          2
 Fulminant Prism          Conj/Hex       23%        3d12      1%          4
 Tukima's Dance           Hex            20%        N/A       4%          3
 Olgreb's Toxic Radiance  Pois           26%        N/A       9%          4
 Passage of Golubria      Tloc           26%        N/A       9%          4
 Alistair's Intoxication  Tmut/Pois      15%        N/A       30%         5
 Borgnjor's Vile Clutch   Necr/Erth      11%        N/A       32%         5
 Yara's Violent Unravell  Hex/Tmut       10%        3d6       36%         5
 Eringya's Noxious Bog    Tmut/Pois      11%        4d6       83%         6


Dungeon Overview and Level Annotations

Branches:
Dungeon (12/15)            Temple (1/1) D:7
   Lair: D:8-11         Orc: D:9-12

Altars:
Cheibriados
Dithmenos
Elyvilon
Fedhas
Gozag
Hepliaklqana
Kikubaaqudgha
Makhleb
Okawaru
Qazlal
Ru
Sif Muna
Trog
Uskayaw
Vehumet
Wu Jian
Xom
Zin
The Shining One

Shops:
D:6 =   D:7 ?

Portals:
Abyss: D:8
Ice
Cave: D:12

Annotations:
D:8 2 transporters, lessens's ghost, novice DrFi
D:9 Vampires
D:12 2 transporters


Message History

Casting: Call Imp (safe; 1% risk of failure)
Confirm with . or Enter, or press ? or * to list all spells.
Aiming: Magic Dart (safe; 1% risk of failure)
Press: ? - help, Shift-Dir - straight line, p - spriggan simulacrum The magic dart hits something.
The spriggan simulacrum hits your cerulean imp.
The spriggan simulacrum freezes your cerulean imp!
Your cerulean imp dies!
Your cerulean imp disappears in a puff of smoke!
A two-headed ogre simulacrum comes into view.
Casting: Magic Dart (safe; 1% risk of failure)
Confirm with . or Enter, or press ? or * to list all spells.
You blink.
A troll simulacrum, 2 naga simulacra and a death yak simulacrum come into view.
Found a frozen archway.
The troll simulacrum closely misses you.
The troll simulacrum barely misses you.
The troll simulacrum closely misses you.
The spriggan simulacrum misses you.
The spriggan simulacrum closely misses you.
Unknown command.
Unknown command.
You barely miss the spriggan simulacrum.
The spriggan simulacrum is lightly damaged.
You closely miss the spriggan simulacrum.
You hit the troll simulacrum.
The troll simulacrum closely misses you. x3
The spriggan simulacrum hits you. The spriggan simulacrum freezes you!
Unknown command.
Unknown command.
You closely miss the spriggan simulacrum.
The spriggan simulacrum is lightly damaged.
You hit the troll simulacrum. You barely miss something.
You feel stable enough to blink again. The troll simulacrum bites you.
The troll simulacrum freezes you! The troll simulacrum misses you.
The troll simulacrum claws you. The troll simulacrum freezes you!
* * * LOW HITPOINT WARNING * * *
The shadow strikes at you from the darkness!
You die...

#..*
#.#****,,,,,,,,*,**,*******
...####.#
*,***,.#*,,,,,,,,,,,,
......#.## *,*
*#.####**,*******
,........####,* *.....# *,*
,,,{........,,* *.Z...# *,*
..###.#..###*** *ZZ∩..##*,*
.........### *.Z....#*,*
#.###.##.########ZZ.....*,*
#(###.##......Z.@Z..#**,*,*
#.###.############### *,*,*
#.###.###### *,*,*
#.###(###### *,*,*******
#.........## *,,,,,,,,,,
##.)..###.## ***,*******
##.######!## *,*
##.######.## *,*******
##.######.## *,,,,,,,,


You could see a death yak simulacrum (dormant), 2 spriggan simulacra, 2 naga
simulacra, a two-headed ogre simulacrum and 2 troll simulacra.

Vanquished Creatures
  Fannar (D:11)
  Erica (D:8)
  A hydra (D:9)
  2 two-headed ogres
  Nergalle (D:10)
  Amaemon (D:9)
  3 ugly things
  A manticore (D:11)
  2 gargoyles
  An orange demon (D:9)
  Psyche (D:11)
  A komodo dragon (D:9)
  A troll (D:11)
  2 hornets
  Prince Ribbit (D:9)
  Sigmund (D:2)
  A wyvern (D:9)
  28 yaks
  A steam dragon (D:6)
  4 vampire mosquitoes (D:11)
  3 water moccasins
  An acid dragon (D:11)
  5 orc warriors
  An ice beast (D:7)
  An ogre (D:6)
  5 centaurs
  3 phantoms
  3 kobold brigands
  5 bullfrogs
  6 scorpions
  A gnoll sergeant (D:10)
  6 wights
  5 killer bees (D:8)
  5 hounds
  7 orc priests
  Crazy Yiuf (D:2)
  A jelly (D:8)
  A gnoll bouda (D:6)
  4 iguanas
  9 orc wizards
  4 sleepcaps
  Robin (D:2)
  12 gnolls
  3 adders
  A shadow imp (D:8)
  A white imp (D:7)
  3 worms
  2 dart slugs
  32 orcs
  4 ball pythons
  7 bats
  10 endoplasms
  4 giant cockroaches
  17 goblins
  11 hobgoblins
  5 quokkas
  2 frilled lizards
  10 kobolds
  4 rats (D:1)
261 creatures vanquished.

Vanquished Creatures (collateral kills)
  An orc (D:6)
1 creature vanquished.

Grand Total: 262 creatures vanquished

Notes
Turn   | Place    | Note
-------+----------+-------------------------------------------
     0 | D:1      | pokeman the Deep Elf Hedge Wizard began the quest for the
                  | Orb.
     0 | D:1      | Reached XP level 1. HP: 10/10 MP: 7/7
   392 | D:1      | Reached XP level 2. HP: 15/15 MP: 2/9
   946 | D:1      | Reached skill level 5 in Spellcasting
  1101 | D:1      | Reached XP level 3. HP: 20/20 MP: 9/11
  1105 | D:1      | Learned a level 3 spell: Mephitic Cloud
  1108 | D:1      | Learned a level 2 spell: Call Imp
  1111 | D:1      | Learned a level 2 spell: Blink
  1335 | D:2      | Noticed Robin
  1349 | D:2      | Killed Robin
  1440 | D:2      | Reached skill level 1 in Armour
  1546 | D:2      | Reached skill level 1 in Fighting
  1881 | D:2      | Reached XP level 4. HP: 25/25 MP: 9/13
  1945 | D:2      | Found a faded altar of an unknown god.
  1949 | D:2      | Noticed Sigmund
  1969 | D:2      | Killed Sigmund
  1970 | D:2      | Reached skill level 5 in Conjurations
  1970 | D:2      | Reached XP level 5. HP: 29/29 MP: 6/14
  2273 | D:2      | Found a runed translucent door.
  2274 | D:2      | Noticed Crazy Yiuf
  2284 | D:2      | Killed Crazy Yiuf
  2579 | D:3      | Reached XP level 6. HP: 34/34 MP: 11/16
  3200 | D:3      | Found a hide-covered altar of Uskayaw.
  3549 | D:4      | Reached skill level 6 in Spellcasting
  3996 | D:4      | Reached skill level 1 in Air Magic
  3996 | D:4      | Reached skill level 1 in Poison Magic
  4367 | D:4      | Learned a level 5 spell: Freezing Cloud
  4405 | D:5      | Entered Level 5 of the Dungeon
  4506 | D:5      | Noticed an orc warrior
  4510 | D:5      | Noticed a water moccasin
  4533 | D:5      | Killed a water moccasin
  4534 | D:5      | Reached skill level 1 in Ice Magic
  4534 | D:5      | Reached XP level 7. HP: 38/38 MP: 11/19
  4539 | D:5      | Reached skill level 7 in Spellcasting
  4539 | D:5      | Reached skill level 1 in Evocations
  4865 | D:5      | HP: 3/60 [poisoned by a scorpion]
  4867 | D:5      | HP: 1/40 [poisoned by a scorpion]
  5003 | D:5      | Found a bloodstained altar of Trog.
  5034 | D:5      | Found a sacrificial altar of Ru.
  5049 | D:5      | Reached skill level 8 in Spellcasting
  5089 | D:5      | Reached XP level 8. HP: 44/44 MP: 19/22
  5757 | D:6      | Found Fuxom's Jewellery Shoppe.
  5781 | D:6      | Found a glowing golden altar of the Shining One.
  6053 | D:6      | Reached skill level 9 in Spellcasting
  6464 | D:5      | Reached skill level 1 in Necromancy
  7096 | D:7      | Noticed a hornet
  7110 | D:7      | Killed a hornet
  7111 | D:7      | Reached skill level 10 in Spellcasting
  7111 | D:7      | Reached XP level 9. HP: 11/48 MP: 16/25
  7347 | D:7      | Found a staircase to the Ecumenical Temple.
  7358 | Temple   | Entered the Ecumenical Temple
  7520 | D:7      | Found The Oracle's Delphic Readings.
  7524 | D:7      | Bought a scroll of identify for 28 gold pieces
  7886 | D:7      | Reached skill level 5 in Ice Magic
  8057 | D:7      | Found a shimmering blue altar of Sif Muna.
  8220 | D:7      | Reached skill level 11 in Spellcasting
  8424 | D:7      | Found a shadowy altar of Dithmenos.
  8732 | D:8      | Noticed Erica
  8746 | D:8      | Killed Erica
  8844 | D:8      | Noticed a toenail golem
  8846 | D:8      | Found a transporter.
  8889 | D:8      | Reached skill level 12 in Spellcasting
  9020 | D:8      | Noticed a two-headed ogre
  9023 | D:8      | Reached XP level 10. HP: 56/56 MP: 23/28
  9089 | D:8      | Killed a two-headed ogre
  9335 | D:8      | Noticed a hell hog
  9336 | D:8      | Noticed lessens's ghost (novice DrFi)
  9346 | D:8      | Reached skill level 13 in Spellcasting
  9608 | D:8      | Found a transporter.
  9757 | D:8      | Found a one-way gate to the infinite horrors of the Abyss.
 10089 | D:9      | Noticed a cyan ugly thing
 10096 | D:9      | Killed a cyan ugly thing
 10242 | D:9      | Noticed a gargoyle
 10433 | D:9      | Killed a gargoyle
 10434 | D:9      | Reached skill level 14 in Spellcasting
 10644 | D:9      | Noticed a purple ugly thing
 10651 | D:9      | Found a glowing silver altar of Zin.
 10657 | D:9      | Noticed Prince Ribbit
 10661 | D:9      | Killed Prince Ribbit
 10662 | D:9      | Reached XP level 11. HP: 27/61 MP: 10/31
 10665 | D:9      | Killed a purple ugly thing
 10727 | D:9      | Noticed a four-headed hydra
 10815 | D:9      | Killed a six-headed hydra
 10841 | D:10     | Entered Level 10 of the Dungeon
 10909 | D:10     | Noticed Nergalle
 10921 | D:10     | Killed Nergalle
 11089 | D:10     | Found a hazy altar of Hepliaklqana.
 11165 | D:10     | Found a stormy altar of Qazlal.
 11241 | D:10     | Found a radiant altar of Vehumet.
 11247 | D:10     | Became a worshipper of Vehumet
 11319 | D:10     | Found an ancient bone altar of Kikubaaqudgha.
 11401 | D:9      | Noticed Amaemon
 11408 | D:9      | Killed Amaemon
 11409 | D:9      | Reached skill level 15 in Spellcasting
 12112 | D:11     | Reached skill level 5 in Armour
 12112 | D:11     | Reached skill level 10 in Conjurations
 12112 | D:11     | Reached * piety under Vehumet
 12112 | D:11     | Offered knowledge of Kiss of Death by Vehumet.
 12116 | D:11     | Noticed Fannar
 12642 | D:11     | Reached skill level 16 in Spellcasting
 12685 | D:11     | Noticed a two-headed ogre
 12689 | D:11     | Killed a two-headed ogre
 12690 | D:11     | Reached XP level 12. HP: 67/67 MP: 27/34
 12959 | D:11     | Killed Fannar
 13290 | D:11     | Noticed Psyche
 13296 | D:11     | Killed Psyche
 13521 | D:12     | Found a transporter.
 13521 | D:12     | Found a transporter.
 13560 | D:12     | Found a frozen archway.
 13562 | D:12     | Slain by a shadow

Illustrated notes

Levels and vault maps discovered:
D:1:      lightli_arrival_windingriver, layout_loops_ring,
          kennysheep_minor_cross
D:2:      layout_basic, hellmonk_ecumenical_altar_arch_garden,
          uniq_crazy_yiuf_cottage, uniq_robin, uniq_sigmund
D:3:      layout_loops_ring, mainiacjoe_overflow_tiny_flanked
D:4:      layout_gridville, corexii_hall_statues_deadend, grunt_ministairs_1,
          minmay_misc_feat_pillars, kennysheep_another_room
D:5:      layout_loops_ring, nicolae_ru_sacrificial_ziggurat,
          nicolae_overflow_crystal_walls
D:6:      layout_basic, general_overflow_altar, serial_shops, shop
D:7:      layout_basic, kennysheep_orc_sif_temple,
          nicolae_dithmenos_through_a_glass_darkly,
          minmay_temple_entry_poolview, grunt_ministairs_9,
          nicolae_nh_oracle_at_delphi
D:8:      layout_loops_cross, gammafunk_ghost_abyssal_escape, uniq_erica
D:9:      minmay_the_grid_octo_tiled_octocenter
          [minmay_the_grid_octo_fat_diamond, minmay_the_grid_octo_clover,
          minmay_the_grid_octo_odd_swirl, minmay_the_grid_octo_chip,
          minmay_the_grid_octo_prize_big_c, minmay_the_grid_square_5x5_empty,
          minmay_the_grid_square_5x5_longway,
          minmay_the_grid_square_5x5_almost_minimal,
          minmay_the_grid_square_5x5_n_small], layout_rooms,
          mainiacjoe_overflow_chevrons, lemuel_crystal_altar,
          mainiacjoe_overflow_concentric_impassable,
          lemuel_mausoleum_altar_yredelemnul, david_lair_shrubbed, uniq_amaemon,
          uniq_prince_ribbit1, uniq_harold
D:10:     layout_basic, vehumet_crystals, mainiacjoe_overflow_24_doors,
          mainiacjoe_overflow_alcove_4, old_standard_altar,
          kennysheep_generic_room_5, uniq_nergalle
D:11:     layout_small_grid, uniq_fannar, uniq_psyche
D:12:     gammafunk_jiyva_shrine, layout_loops_ring,
          portal_ice_cave_entry_ice_simulacra
Temple:   nicolae_temple_two_arcs

Skill      XL: |  1  2  3  4  5  6  7  8  9 10 11 |
---------------+----------------------------------+-----
Spellcasting   | 5 6 8 10 12 14 16 | 16.3
Armour         | 1 2 3 4 5 |  5.1
Conjurations   | 2 5 6 7 8 9 10 | 10.6
Fighting       | 1 2 3 4 |  4.8
Dodging        | 3 |  3.0
Stealth        | 3 |  3.0
Air Magic      | 1 |  1.0
Poison Magic   | 1 |  1.1
Ice Magic      | 1 2 4 5 7 9 |  9.2
Evocations     | 1 |  1.1
Necromancy     | 1 |  1.0
Summonings     | |  1.1
Translocations | |  1.1

Action                     |  1- 3 |  4- 6 |  7- 9 | 10-12 || total
---------------------------+-------+-------+-------+-------++-------
  Melee: Dagger            |    11 |    39 |   127 |       ||   177
         Punch             |       |       |     3 |     1 ||     4
         War axe           |       |       |    32 |    59 ||    91
   Cast: Magic Dart        |   125 |    69 |   150 |    41 ||   385
         Mephitic Cloud    |     1 |    12 |    42 |    23 ||    78
         Call Imp          |       |     2 |    16 |    10 ||    28
         Blink             |       |       |     5 |     8 ||    13
         Freezing Cloud    |       |       |       |    49 ||    49
    Use: Potion            |       |       |     3 |       ||     3
         Scroll            |       |       |       |     9 ||     9
   Stab: Sleeping          |       |     1 |     1 |       ||     2
         Confused          |       |     4 |    25 |     8 ||    37
         Distracted        |       |       |     1 |       ||     1
 Armour: Robe              |    13 |     3 |       |       ||    16
         Leather armour    |       |     1 |    33 |     8 ||    42
  Dodge: Dodged            |    30 |    18 |    90 |    48 ||   186

Table legend: (Time is in decaauts)
 A = Elapsed time spent in this place.
 B = Non-inter-level travel time spent in this place.
 C = Inter-level travel time spent in this place.
 D = Time resting spent in this place.
 E = Time spent auto-exploring this place.
 F = Levels seen in this place.
 G = Mean time per level.
                   A        B        C        D        E       F      G
               +--------+--------+--------+--------+--------+-----+--------+
         Total |  13615 |  12875 |    740 |   1496 |   9025 |  13 | 1047.3 |
       Dungeon |  13485 |  12751 |    734 |   1496 |   8906 |  12 | 1123.8 |
        Temple |    129 |    123 |      6 |      0 |    119 |   1 |  129.0 |
               +--------+--------+--------+--------+--------+-----+--------+

Top non-repeatable levels by time:
    D:10: 1576 daAuts
     D:7: 1505 daAuts
     D:8: 1478 daAuts
     D:5: 1425 daAuts
     D:1: 1335 daAuts
     D:6: 1212 daAuts
     D:2: 1118 daAuts
     D:4: 1043 daAuts
    D:11: 1016 daAuts
     D:3: 908 daAuts
     D:9: 824 daAuts
  Temple: 129 daAuts
    D:12: 41 daAuts
